[Event "WYCC 2018 G18"]
[Site "Halkidiki"]
[Date "2018.10.30"]
[Round "11"]
[White "Limanovska, Elizabete"]
[Black "Miller, Rachel"]
[Result "1-0"]
[ECO "C77"]
[WhiteElo "2072"]
[BlackElo "1859"]
[Annotator "NA"]
[PlyCount "157"]
[EventDate "2018.10.20"]
[EventType "swiss"]
[EventCountry "GRE"]
[SourceTitle "playchess.com"]
[Source "ChessBase"]
[SourceQuality "1"]
[TimeControl "40/5400+30:1800+30"]

1. e4 e5 2. Nf3 Nc6 3. Bb5 a6 4. Ba4 Nf6 5. d3 d6 6. c3 g6 7. O-O Bg7 8. h3 O-O 9. Bg5 b5 {[%emt 0:06:33] C77: Ruy Lopez: 3...a6 4 Ba4 Nf6, unusual lines} 10. Bc2 h6 11. Be3 d5 12. Qe2 $146 ({Predecessor:} 12. Bc5 Re8 13. a4 Be6 14. axb5 axb5 15. Na3 Nd7 16. b4 Nxc5 17. bxc5 {0-1 (35) Ilic,L (2189)-Schachinger,M (2439) Skopje 2015}) 12... Be6 13. Rd1 Qc8 14. Nbd2 Rd8 15. Nb3 a5 16. Nc5 dxe4 17. dxe4 Bc4 18. Qe1 Nh5 (18... Rxd1 $16 {keeps fighting.} 19. Qxd1 (19. Rxd1 Bxa2 20. b3 a4 $16) 19... Bf8) 19. Rxd8+ Nxd8 20. b3 Be6 21. Rd1 Nb7 22. Nxe6 Qxe6 23. Bd3 Nd6 24. Qe2 Nf6 25. Bc5 Nb7 26. Be3 Nd6 27. Nd2 c6 28. c4 a4 29. cxb5 axb3 30. axb3 cxb5 31. Bxb5 Ndxe4 32. Nxe4 Nxe4 33. Qd3 Nf6 34. Bc4 e4 35. Qd2 Qe5 36. Bxh6 Nh5 37. Bxg7 Nxg7 38. Qd5 Qxd5 39. Bxd5 Rb8 40. Re1 Nh5 41. Bc4 Nf6 42. g4 g5 43. Ra1 e3 44. fxe3 Ne4 45. Ra5 Kf8 46. Rf5 f6 47. Bd5 Rb4 48. Bxe4 Rxe4 49. Rxf6+ Ke7 50. Rf3 Rb4 51. Kf2 Rxb3 52. Rf5 Rb2+ 53. Kg3 Re2 54. Rxg5 Rxe3+ 55. Kh4 Kf6 56. Ra5 Kg6 57. Ra4 Rb3 58. Rf4 Ra3 59. g5 Ra1 60. Rf6+ Kg7 61. Kh5 Ra4 62. Rb6 Ra7 63. h4 Rc7 64. Rb5 Ra7 65. g6 Ra4 66. Kg5 Ra8 67. Rb7+ (67. h5 $18 Ra7 68. h6+ Kf8 69. Rb8+ Ke7 70. h7 Ra5+ 71. Kh6 Kd6 72. h8=Q) 67... Kg8 68. Kh6 Rc8 69. h5 Ra8 70. Rb6 Rf8 71. Kg5 Ra8 72. h6 Ra5+ 73. Kf6 Ra8 74. h7+ Kh8 75. Kg5 Kg7 76. Rb7+ Kh8 77. Kh6 Rg8 78. hxg8=Q+ Kxg8 79. Rb8# 1-0

[Event "WYCC 2018 G18"]
[Site "Halkidiki"]
[Date "2018.10.30"]
[Round "11"]
[White "Redondo Benavente, Ana"]
[Black "Manova, Ivana"]
[Result "1-0"]
[ECO "C45"]
[WhiteElo "2055"]
[BlackElo "1951"]
[Annotator "NA"]
[PlyCount "75"]
[EventDate "2018.10.20"]
[EventType "swiss"]
[EventCountry "GRE"]
[SourceTitle "playchess.com"]
[Source "ChessBase"]
[SourceQuality "1"]
[TimeControl "40/5400+30:1800+30"]

1. e4 e5 2. Nf3 Nc6 3. d4 exd4 4. Nxd4 Bc5 5. Nb3 Bb6 6. Nc3 d6 7. Qe2 Nge7 {[%emt 0:00:57] C45: Scotch Game} (7... a5 8. a4 Nb4 9. Bf4 Qf6 10. Qd2 Ne7 11. O-O-O Ng6 12. Be3 Bxe3 13. Qxe3 O-O 14. g3 Bg4 15. Be2 Bxe2 16. Qxe2 {½-½ (41) Sethuraman,S (2657)-Melkumyan,H (2662) Yerevan 2018}) 8. Be3 O-O 9. O-O-O f5 10. f4 Qe8 11. g3 Qg6 $146 ({Predecessor:} 11... fxe4 $11 {keeps the balance.} 12. Bxb6 axb6 13. Qxe4 Bf5 14. Qc4+ d5 15. Qb5 {0-1 (56) Sasson,M (2089)-Villca,J (2297) Caba 2018}) 12. Bxb6 axb6 13. Bg2 Kh8 14. Kb1 fxe4 15. Bxe4 Bf5 16. Bxf5 Rxf5 17. Rhf1 Qf7 18. Qd2 Na5 19. Nc1 Nc4 20. Qe2 Nc6 21. Rfe1 b5 22. Qe6 b4 23. Nd5 Qxe6 24. Rxe6 Rf7 25. Nb3 Kg8 26. Re4 b5 27. Nd2 N6a5 28. Nxb4 Nxd2+ 29. Rxd2 $16 g5 30. b3 gxf4 31. gxf4 Raf8 32. Nd5 c6 33. Ne7+ Kh8 34. Rxd6 c5 35. f5 c4 36. Kb2 Nb7 37. Rc6 Re8 38. Ng6+ 1-0

[Event "WYCC 2018 G18"]
[Site "Halkidiki"]
[Date "2018.10.30"]
[Round "11"]
[White "Avetisyan, Mariam"]
[Black "Priyanka, Kumari"]
[Result "1-0"]
[ECO "E97"]
[WhiteElo "2049"]
[BlackElo "2005"]
[Annotator "NA"]
[PlyCount "131"]
[EventDate "2018.10.20"]
[EventType "swiss"]
[EventCountry "GRE"]
[SourceTitle "playchess.com"]
[Source "ChessBase"]
[SourceQuality "1"]
[TimeControl "40/5400+30:1800+30"]

1. d4 Nf6 2. c4 g6 3. Nc3 Bg7 4. e4 d6 5. Nf3 O-O 6. Be2 e5 7. O-O Nc6 8. Be3 Ng4 9. Bg5 f6 10. Bh4 h5 11. h3 {[%emt 0:01:41] E97: Königsindisch (Klassisches System)} Nh6 12. dxe5 (12. d5 Ne7 13. Ne1 g5 14. Bg3 g4 15. hxg4 hxg4 16. Nc2 f5 17. exf5 Nexf5 18. Ne4 Nxg3 19. fxg3 Rxf1+ 20. Qxf1 {½-½ (54) Potkin,V (2605)-Saric,I (2647) Sochi 2015}) 12... dxe5 13. Qxd8 Nxd8 14. Rfd1 Ne6 15. Bg3 b6 $146 ({Vorgänger:} 15... Nf7 16. Ne1 Nd4 17. Bd3 Nd8 18. Nc2 Nxc2 19. Bxc2 {½-½ (37) Incutto,C-Montoro,G Martinez Valle 1993}) 16. Nh4 Kh7 17. Nd5 Re8 18. Nf3 Bb7 19. Bf1 Rad8 20. Nd2 Rd7 21. Nb3 Red8 22. f3 Kg8 23. a4 f5 24. c5 c6 25. Nc3 Rxd1 26. Rxd1 Rxd1 27. Nxd1 Nxc5 28. Nxc5 bxc5 29. Bf2 Bf8 30. b3 fxe4 31. fxe4 Nf7 32. Be3 Bc8 33. Bc4 Kg7 34. Nb2 Nd6 35. Bxc5 a6 36. Bd3 Kf7 37. b4 Be7 38. a5 Ne8 39. Na4 Nc7 40. Kf2 Bxc5+ 41. Nxc5 Kf6 42. Kg3 Kg5 43. h4+ Kf6 44. Be2 Nb5 45. Kf2 Kg7 46. g4 hxg4 47. Kg3 Kf6 48. Bxg4 Bxg4 49. Kxg4 Nc7 50. Nd7+ Ke6 51. Nb8 Kf6 52. Nxc6 Nb5 53. Nb8 Nc7 54. Nd7+ Ke6 55. Nc5+ Kf6 56. Kf3 Kf7 57. Ke2 Ke7 58. Kd3 Kd6 59. Kc4 $18 Kc6 60. Nxa6 Ne8 61. b5+ Kb7 62. Nc5+ Kc7 63. b6+ Kb8 64. a6 Nd6+ 65. Kd5 Nc8 66. Nd7+ 1-0

[Event "WYCC 2018 G18"]
[Site "Halkidiki"]
[Date "2018.10.30"]
[Round "11"]
[White "Cvitan, Ena"]
[Black "Dong, Khanh Linh"]
[Result "1/2-1/2"]
[ECO "D35"]
[WhiteElo "2034"]
[BlackElo "1879"]
[Annotator "NA"]
[PlyCount "109"]
[EventDate "2018.10.20"]
[EventType "swiss"]
[EventCountry "GRE"]
[SourceTitle "playchess.com"]
[Source "ChessBase"]
[SourceQuality "1"]
[TimeControl "40/5400+30:1800+30"]

1. d4 d5 2. c4 e6 3. Nc3 Nf6 4. cxd5 Nxd5 5. e4 Nxc3 6. bxc3 c5 7. Rb1 Qa5 {[%emt 0:03:01] D35: Queen's Gambit Declined: Exchange Variation} (7... Be7 8. Nf3 O-O 9. h4 cxd4 10. cxd4 Nc6 11. Bb5 a6 12. Bxc6 bxc6 13. h5 h6 14. Ne5 Bd6 15. O-O {½-½ (30) Yu,Y (2765)-Radjabov,T (2751) Batumi 2018}) 8. Bd2 cxd4 9. cxd4 Qxa2 10. Nf3 a6 $146 ({Predecessor:} 10... Be7 11. Bd3 O-O 12. O-O Qa3 13. Qe2 Qd6 14. Rfd1 Re8 15. e5 {0-1 (49) Luz,A (2170)-Terao,R (2384) Florianopolis 2018}) 11. Bd3 Qa3 12. Qe2 Nc6 13. O-O Qd6 14. d5 Nd8 15. Bb4 Qf4 16. Bxf8 Kxf8 17. Qb2 Qd6 18. Rfe1 Rb8 19. e5 Qxd5 20. Qa3+ Ke8 21. Red1 b5 22. Bxh7 Qb7 23. Qd6 Qb6 24. Qd3 Rb7 25. Be4 Rd7 26. Qc2 Qc7 27. Rxd7 Qxc2 28. Rxd8+ Kxd8 29. Bxc2 Bb7 30. Bd3 Kc7 31. Ng5 Rd8 32. Be2 Rd7 33. h4 Kb6 34. h5 Kc5 35. g4 b4 36. Rc1+ Kb6 37. Rd1 Bd5 38. Ne4 a5 39. g5 Rd8 40. Nd6 b3 41. Bc4 a4 $1 42. h6 $2 (42. Nxf7 b2) (42. Bxd5 $11 exd5 43. Rb1 (43. Rxd5 Kc6 $11) (43. Nxf7 Ra8 $11)) 42... gxh6 43. gxh6 Rg8+ 44. Kf1 Bf3 $2 (44... b2 $11 45. Ke2 (45. Bxd5 exd5 46. Ke2 a3 $19) 45... a3) 45. Rb1 Kc5 46. Bxb3 Rg5 47. Bxa4 Bg2+ 48. Ke2 Rxe5+ 49. Kd2 Kxd6 50. Rb5 Be4 51. Rxe5 Kxe5 52. Ke3 Bh7 53. f4+ Kf6 54. Be8 Kg6 $11 55. f5+ 1/2-1/2

[Event "WYCC 2018 G18"]
[Site "Halkidiki"]
[Date "2018.10.30"]
[Round "11"]
[White "Hng, Mei-En Emmanuelle"]
[Black "Cosme Contreras, Trilce"]
[Result "1/2-1/2"]
[ECO "E63"]
[WhiteElo "2020"]
[BlackElo "1829"]
[Annotator "NA"]
[PlyCount "69"]
[EventDate "2018.10.20"]
[EventType "swiss"]
[EventCountry "GRE"]
[SourceTitle "playchess.com"]
[Source "ChessBase"]
[SourceQuality "1"]
[TimeControl "40/5400+30:1800+30"]

1. Nf3 (1. d4 Nf6 2. Nf3 g6 3. c4 Bg7 4. Nc3 O-O 5. g3 d6 6. Bg2 Nc6 7. d5 Na5 8. Qd3 c5 9. O-O a6 10. Re1 Rb8 11. Nd2 b5 12. e4 Ng4 13. cxb5 axb5 14. Nf3 b4 15. Nd1 Qb6 16. h3 Ba6 17. Qc2 Ne5 18. Nxe5 Bxe5 {0-1 (41) Dragasevic,D (2229)-Ostojic,N (2434) Kragujevac 2016}) 1... Nf6 2. g3 g6 3. Bg2 Bg7 4. O-O O-O 5. c4 d6 6. d4 Nc6 7. Nc3 a6 8. Re1 Rb8 9. d5 Na5 10. Qd3 c5 11. dxc6 {[%emt 0:02:31] E66: King's Indian: Fianchetto: 6...c5 7 0-0 Nc6 8 d5} Nxc6 12. a3 $146 ({Predecessor:} 12. e4 Ng4 13. Bf4 Qb6 14. Re2 Be6 15. Nd5 Bxd5 16. cxd5 Nd4 17. Rd2 Nxf3+ 18. Bxf3 Ne5 19. Bxe5 Bxe5 {0-1 (44) Abel,P (2188)-Kapusta,P (2139) Slovakia 2013}) 12... b5 13. cxb5 axb5 14. Nd4 Nxd4 15. Qxd4 Be6 16. Qb4 Ng4 17. h3 Ne5 18. Bf4 Qd7 19. Bxe5 Bxe5 20. Rac1 Rfc8 21. Nd5 Bxd5 22. Bxd5 Qxh3 23. Rxc8+ Qxc8 24. Qd2 Qf5 25. Kg2 Bxb2 26. Bxf7+ Qxf7 27. Qxb2 e5 28. Rd1 Rb6 29. Kg1 $11 Qc4 30. Rc1 Qd5 31. Rc8+ Kg7 32. Rc7+ Kg8 33. Rc8+ Kg7 34. Rc7+ Kg8 35. Rc8+ 1/2-1/2

[Event "WYCC 2018 G18"]
[Site "Halkidiki"]
[Date "2018.10.30"]
[Round "11"]
[White "Bauyrzhan, Arnash"]
[Black "Abeysinghe, H M H Janandani"]
[Result "1-0"]
[ECO "B52"]
[WhiteElo "2011"]
[BlackElo "1698"]
[Annotator "NA"]
[PlyCount "109"]
[EventDate "2018.10.20"]
[EventType "swiss"]
[EventCountry "GRE"]
[SourceTitle "playchess.com"]
[Source "ChessBase"]
[SourceQuality "1"]
[TimeControl "40/5400+30:1800+30"]

1. e4 c5 2. Nf3 d6 3. Bb5+ Bd7 4. Bxd7+ Qxd7 5. c4 Nf6 6. Nc3 g6 7. d4 cxd4 8. Nxd4 Bg7 9. f3 O-O 10. Be3 Nc6 11. O-O a6 12. Na4 {[%emt 0:02:22] B52: Sicilian: Moscow Variation with 3...Bd7} Qc7 (12... Rab8 13. Nxc6 Qxc6 14. Nb6 Nd7 15. Nxd7 Qxd7 16. Rf2 b5 17. c5 Qa7 18. Rc1 dxc5 19. Bxc5 Qc7 {1-0 (50) Caruana,F (2807)-Kasparov,G (2812) Saint Louis 2017}) 13. Nxc6 Qxc6 14. Nb6 Rad8 15. Rc1 e6 {[%emt 0:04:51] [#]} 16. b3 $146 ({Predecessor:} 16. a4 Nd7 17. Nd5 Rfe8 18. b4 Bb2 19. Rc2 Be5 {½-½ (40) Paravyan,D (2525)-Donchenko,A (2553) Moscow 2017}) 16... Nd7 17. Nxd7 Rxd7 18. Qd2 Rfd8 19. Rfd1 Bf8 20. Qf2 Be7 21. Bd4 Bf8 22. Bb6 Rc8 23. Be3 Qc7 24. f4 Qd8 25. Bb6 Qe8 26. Rc3 Be7 27. Rcd3 Rc6 28. Bd4 Rdc7 29. Bb2 Qf8 30. f5 Rd7 31. fxe6 fxe6 32. Rf3 Qe8 33. Qd4 $18 e5 34. Qd5+ Kh8 35. Bxe5+ dxe5 36. Qxd7 Qxd7 37. Rxd7 Bc5+ 38. Kf1 b5 39. Rff7 Kg8 40. Rg7+ Kf8 41. Rxh7 Kg8 42. Rhg7+ Kf8 43. Rgf7+ Ke8 44. Rc7 Rxc7 45. Rxc7 Be7 46. cxb5 axb5 47. a4 bxa4 48. bxa4 Kd8 49. Rb7 g5 50. a5 Bc5 51. a6 Kc8 52. Ke2 Bd4 53. Kd3 Bc5 54. Kc4 Bd4 55. Kd5 1-0

[Event "WYCC 2018 G18"]
[Site "Halkidiki"]
[Date "2018.10.30"]
[Round "11"]
[White "Li, Yilin"]
[Black "Ni Mhuireagain, Eibhia"]
[Result "1-0"]
[ECO "D15"]
[WhiteElo "1993"]
[BlackElo "1655"]
[Annotator "NA"]
[PlyCount "99"]
[EventDate "2018.10.20"]
[EventType "swiss"]
[EventCountry "GRE"]
[SourceTitle "playchess.com"]
[Source "ChessBase"]
[SourceQuality "1"]
[TimeControl "40/5400+30:1800+30"]

1. c4 c6 2. d4 d5 3. Nc3 Nf6 4. Nf3 Bf5 5. e3 e6 6. h3 h6 7. Be2 Bd6 8. c5 Bc7 9. O-O $11 Nbd7 10. b4 O-O 11. a4 e5 12. b5 e4 13. Ne1 Nh7 14. Bg4 Bg6 15. Bh5 Qg5 16. Bxg6 Qxg6 17. Qg4 Qxg4 18. hxg4 Ndf6 19. f3 Ng5 20. Nc2 Ba5 21. Bd2 Rac8 22. Nxe4 Bxd2 23. Nxd2 b6 24. Nb3 Nd7 25. bxc6 Rxc6 26. Nb4 Re6 27. Nxd5 bxc5 28. Nxc5 Rd6 29. Ne7+ Kh8 30. Nf5 Rd5 31. e4 Rxc5 32. dxc5 Nxc5 33. Rfd1 Rb8 34. Rd5 Nce6 35. Ra2 f6 36. Rd7 a6 37. Rd6 Nc5 38. Rc6 Nge6 39. a5 Kh7 40. Kh2 Kg6 41. Rb6 Rd8 42. Ne7+ Kf7 43. Nd5 Rh8 44. Nb4 Ra8 45. Rd2 Nd8 46. Kg3 Ke8 47. Rd5 Ndb7 48. Nd3 Nxd3 49. Rxb7 Ne5 50. Rxg7 1-0

[Event "WYCC 2018 G18"]
[Site "Halkidiki"]
[Date "2018.10.30"]
[Round "11"]
[White "Hamedi Nia, Vesal"]
[Black "Tsivelekidou, Evgenia"]
[Result "1/2-1/2"]
[ECO "A56"]
[WhiteElo "1987"]
[BlackElo "1891"]
[Annotator "NA"]
[PlyCount "85"]
[EventDate "2018.10.20"]
[EventType "swiss"]
[EventCountry "GRE"]
[SourceTitle "playchess.com"]
[Source "ChessBase"]
[SourceQuality "1"]
[TimeControl "40/5400+30:1800+30"]

1. d4 Nf6 2. c4 c5 3. d5 e5 4. Nc3 d6 5. Qc2 {[%emt 0:06:38] A56: Czech Benoni} (5. e4 Nbd7 6. Bd3 Be7 7. Nge2 g6 8. O-O Nh5 9. Be3 O-O 10. Qd2 Ng7 11. Bh6 Nf6 12. h3 Kh8 13. Kh1 Ng8 14. Be3 Bd7 15. a3 {½-½ (102) Giri,A (2782)-Aronian,L (2767) chess.com INT 2018}) 5... Be7 6. h3 O-O $146 ({Predecessor:} 6... Nbd7 7. Nf3 Nf8 8. e3 Bd7 9. Be2 a6 10. a3 b5 11. b3 Qc8 12. Bd3 Ng6 {0-1 (25) Froehling,J (1518)-Karrer,P (1822) Winterthur 2002}) 7. Nf3 Ne8 8. e4 g6 9. Bh6 Ng7 10. g4 Nd7 11. Bd3 Nf6 12. O-O-O a6 13. Nd2 Bd7 14. f4 exf4 15. Bxf4 b5 16. e5 dxe5 17. Bxe5 Nfe8 18. Nce4 f6 19. Bh2 Qb6 20. Rde1 f5 21. gxf5 Nxf5 22. Nf3 bxc4 23. Bxc4 Ned6 24. Nxd6 Bxd6 25. Ne5 Bb5 26. Rhg1 Ra7 27. a4 Be8 28. Nc6 Rg7 29. Re6 Qc7 30. Bxd6 Nxd6 31. Rge1 Bd7 32. Re7 Nxc4 33. Qxc4 Qf4+ 34. Qxf4 Rxf4 35. a5 Rxe7 36. Rxe7 Rf7 37. Re5 Bxh3 38. d6 Rd7 39. Re8+ Kg7 40. Ra8 Rxd6 41. Rxa6 Bg2 $19 42. Ra7+ Kf6 43. Nb8 1/2-1/2

[Event "WYCC 2018 G18"]
[Site "Halkidiki"]
[Date "2018.10.30"]
[Round "11"]
[White "Nass, Sara"]
[Black "Perry, Tal"]
[Result "0-1"]
[ECO "C80"]
[WhiteElo "1986"]
[BlackElo "1702"]
[Annotator "NA"]
[PlyCount "118"]
[EventDate "2018.10.20"]
[EventType "swiss"]
[EventCountry "GRE"]
[SourceTitle "playchess.com"]
[Source "ChessBase"]
[SourceQuality "1"]
[TimeControl "40/5400+30:1800+30"]

1. e4 e5 2. Nf3 Nc6 3. Bb5 a6 4. Ba4 Nf6 5. O-O Nxe4 6. d4 b5 7. Bb3 d5 8. Nxe5 Nxe5 9. dxe5 Be6 10. Nd2 {[%emt 0:08:55] C80: Open Ruy Lopez: Sidelines and 9 Nbd2} (10. Be3 Be7 11. c3 O-O 12. f3 Nc5 13. Bc2 Nd7 14. f4 f5 15. Nd2 c5 16. Nf3 Nb6 17. Bf2 Rb8 {1-0 (29) Piorun,K (2653)-Lomasov,S (2551) Batumi 2018}) 10... Nc5 11. f4 g6 12. c3 $146 ({Predecessor:} 12. Nf3 Ne4 13. Nd4 c5 14. f5 cxd4 15. fxe6 fxe6 16. Kh1 Qh4 17. Qf3 Be7 18. Bxd5 exd5 {1-0 (32) Salazar,A (1914)-Montoya,C (2177) Medellin 2008}) 12... Bg7 13. Nf3 Nxb3 14. axb3 c5 15. Be3 Qe7 16. Qe2 O-O 17. Qf2 Rfc8 18. Ra5 Bf8 19. Rfa1 Qb7 20. Ng5 Bf5 21. Qh4 h6 22. Nf3 Be4 23. f5 Bxf3 24. gxf3 d4 25. Bxh6 Qxf3 26. Rf1 Qd3 27. Bxf8 Rxf8 28. f6 Qe3+ 29. Kg2 Rfe8 30. Qf4 Rxe5 31. Qxe3 Rxe3 32. cxd4 cxd4 33. Rd1 Rd8 34. Rxa6 d3 35. Ra7 Re2+ 36. Kf3 Rxb2 37. Ke3 Rxb3 38. Rd2 b4 39. Rb7 Rd6 40. Rb8+ Kh7 41. Rb7 Rxf6 42. Rxd3 Re6+ 43. Kd2 Rb2+ 44. Kc1 Ra2 45. Rxf7+ Kg8 46. Kb1 Rxh2 47. Rf1 Ree2 48. Rd7 Rb2+ 49. Kc1 Rhc2+ 50. Kd1 Rb1+ 51. Kxc2 Rxf1 52. Rb7 Rf4 53. Kd2 g5 54. Ke3 Rc4 55. Kf3 g4+ 56. Kg3 Kf8 57. Kf2 Re4 58. Kg3 Ke8 59. Rg7 $19 Kd8 0-1

[Event "WYCC 2018 G18"]
[Site "Halkidiki"]
[Date "2018.10.30"]
[Round "11"]
[White "Caballero Quijano, Mitzy Mishell"]
[Black "Salimova, Asal"]
[Result "1-0"]
[ECO "A41"]
[WhiteElo "1956"]
[BlackElo "1870"]
[Annotator "NA"]
[PlyCount "147"]
[EventDate "2018.10.20"]
[EventType "swiss"]
[EventCountry "GRE"]
[SourceTitle "playchess.com"]
[Source "ChessBase"]
[SourceQuality "1"]
[TimeControl "40/5400+30:1800+30"]

1. d4 d6 2. Nf3 g6 3. c4 Bg7 4. g3 Nd7 5. Bg2 e5 6. Nc3 Ne7 7. O-O O-O 8. dxe5 dxe5 {[%emt 0:00:11] A41: 1 d4 d6: Tartakower System and Modern Defence} 9. Qc2 (9. e4 Nc6 10. Bg5 f6 11. Be3 Nb6 12. b3 Bg4 13. Qxd8 Raxd8 14. Nd5 Rd7 15. h3 Bxf3 16. Bxf3 Nd4 17. Bxd4 exd4 {1-0 (52) Tregubov,P (2585)-Jumabayev,R (2611) Doha 2016}) 9... c6 10. Rd1 Qc7 11. Ne4 Nf6 12. Nd6 Bf5 13. e4 $146 ({Predecessor:} 13. Nxf5 Nxf5 14. e4 Ne7 15. c5 Rad8 16. Rxd8 Rxd8 {1-0 (31) Bispo,L (2158)-Crosa Coll,M (2382) Santos 2010}) 13... Bg4 14. c5 Rad8 15. b3 Ne8 16. Ba3 Nc8 17. Nc4 Qe7 18. Rxd8 Qxd8 19. Nfxe5 Qe7 20. Bb2 Be6 21. b4 Nc7 22. Nd3 Rd8 23. Bxg7 Kxg7 24. Ndb2 Nb5 25. Re1 Nd4 26. Qc3 Kg8 27. a4 b6 28. cxb6 axb6 29. Ne3 Qf6 30. Kf1 c5 31. bxc5 bxc5 32. Nd3 $18 ({Don't do} 32. Qxc5 $6 Nb3 $16) 32... c4 33. e5 Qg5 34. Nxc4 Bxc4 35. Qxc4 Qd2 36. Be4 Kg7 37. Nf4 Re8 38. Qc7 Qb4 39. a5 Ne7 40. a6 Qb5+ 41. Bd3 Qc6 42. Qxc6 Nexc6 43. Be4 Rxe5 44. Bxc6 Rxe1+ 45. Kxe1 Nxc6 46. Nd5 f5 47. Kd2 Kf7 48. Kc3 Ke6 49. Nc7+ Kd7 50. Nb5 Kc8 51. Kc4 Ne5+ 52. Kc5 g5 53. Nd6+ Kb8 54. Nxf5 Ka7 55. Kd4 Ng4 56. f3 Nxh2 57. Ke3 h5 58. Ng7 h4 59. g4 Nf1+ 60. Kf2 Nd2 61. Ne6 Kxa6 62. Nxg5 Kb7 63. Ne4 Nc4 64. g5 Ne5 65. f4 Ng6 66. f5 Ne7 67. f6 Ng6 68. Kf3 Kc6 69. Kg4 Kd5 70. Kf5 h3 71. Kxg6 Kxe4 72. f7 h2 73. f8=Q h1=Q 74. Qa8+ {[%emt 0:00:07] Kd5} 1-0

[Event "WYCC 2018 G18"]
[Site "Halkidiki"]
[Date "2018.10.30"]
[Round "11"]
[White "Golsta, Madara"]
[Black "Hunt, Fikirte"]
[Result "0-1"]
[ECO "A16"]
[WhiteElo "1938"]
[BlackElo "1827"]
[Annotator "NA"]
[PlyCount "68"]
[EventDate "2018.10.20"]
[EventType "swiss"]
[EventCountry "GRE"]
[SourceTitle "playchess.com"]
[Source "ChessBase"]
[SourceQuality "1"]
[TimeControl "40/5400+30:1800+30"]

1. c4 Nf6 2. Nc3 d5 3. cxd5 Nxd5 4. Nf3 g6 5. Qa4+ Nc6 6. Ne5 Ndb4 7. a3 Nc2+ {A16: English Opening: 1...Nf6 with ...d5} 8. Qxc2 Nxe5 9. d4 Nd7 10. Bf4 c6 11. e3 $146 ({Predecessor:} 11. Rd1 Bg7 12. g3 O-O 13. Bg2 Qa5 14. O-O e5 15. dxe5 Nxe5 {1-0 (59) Kortschnoj,V (2610)-Berkes,F (2597) Paks 2007}) 11... Bg7 12. Be2 O-O 13. h4 e5 14. dxe5 Nxe5 15. Bg5 Qb6 16. h5 Be6 17. hxg6 hxg6 18. f3 Rac8 19. g4 Bd5 20. Rh3 Rfe8 21. Kf2 Qc5 22. Rc1 Bxf3 23. Bxf3 Nxf3 24. Bf4 Ne5 25. Kg3 Rcd8 26. b4 $19 Qe7 27. Rch1 Nd3 28. Qh2 Qf6 29. Ne2 Nxf4 30. exf4 Rd3+ 31. Kf2 Rxh3 32. Qxh3 Qb2 33. Qd3 Bd4+ 34. Kf1 Re3 0-1

[Event "WYCC 2018 G18"]
[Site "Halkidiki"]
[Date "2018.10.30"]
[Round "11"]
[White "Vlkova, Anezka"]
[Black "Nemcova, Kamila"]
[Result "1-0"]
[ECO "B25"]
[WhiteElo "1925"]
[BlackElo "1879"]
[Annotator "NA"]
[PlyCount "69"]
[EventDate "2018.10.20"]
[EventType "swiss"]
[EventCountry "GRE"]
[SourceTitle "playchess.com"]
[Source "ChessBase"]
[SourceQuality "1"]
[TimeControl "40/5400+30:1800+30"]

1. e4 c5 2. Nc3 Nc6 3. g3 g6 4. Bg2 Bg7 5. d3 d6 6. Nge2 Rb8 7. O-O e6 8. a3 b5 9. Be3 b4 10. axb4 cxb4 11. Na4 Nge7 12. d4 d5 13. e5 Ba6 14. Nc5 Bc4 15. Re1 Qb6 16. b3 Bb5 17. Bf1 Nf5 18. Nf4 Nxe3 19. fxe3 Bxe5 20. Bxb5 Qxb5 21. Nfxe6 fxe6 22. Qg4 Nd8 23. Rxa7 Qb6 24. Ra6 Qb5 25. Rxe6+ Nxe6 26. Qxe6+ Kd8 27. Qxe5 Re8 28. Qxd5+ Kc8 29. Rf1 Rxe3 30. Rf8+ Re8 31. Qe6+ Kd8 32. Qd6+ Kc8 33. Ne6 Rb7 34. Qd8+ Rxd8 35. Rxd8# 1-0

[Event "WYCC 2018 G18"]
[Site "Halkidiki"]
[Date "2018.10.30"]
[Round "11"]
[White "Zairbek kyzy, Begimay"]
[Black "Afonasieva, Anna"]
[Result "0-1"]
[ECO "B10"]
[WhiteElo "1919"]
[BlackElo "2245"]
[Annotator "NA"]
[PlyCount "124"]
[EventDate "2018.10.20"]
[EventType "swiss"]
[EventCountry "GRE"]
[SourceTitle "playchess.com"]
[Source "ChessBase"]
[SourceQuality "1"]
[TimeControl "40/5400+30:1800+30"]

1. e4 c6 2. Nf3 d5 3. e5 Bf5 4. Nh4 Bd7 5. d4 c5 6. c3 Nc6 7. Be3 Qb6 8. Qd2 cxd4 9. cxd4 e6 10. Be2 f6 11. f4 Be7 12. Nf3 Nh6 13. h3 O-O 14. Nc3 Rac8 15. Bd3 fxe5 16. fxe5 Nf5 17. Bf2 Na5 18. Rc1 Nc4 19. Bxc4 Rxc4 20. O-O Qd8 21. b3 Rc6 22. Ne2 Rxc1 23. Rxc1 Bb5 24. Nc3 Ba6 25. Na4 b6 26. Qc3 {[%emt 0:01:07] [#]} Bg5 (26... Be2 $1 $17 27. Qc7 Bxf3 28. Qxd8 Bxd8 29. gxf3 Bh4) 27. Rc2 Bf4 28. Qc7 Qxc7 29. Rxc7 Rc8 30. Rxc8+ Bxc8 31. Nc3 Ba6 32. b4 (32. g4 $15 Ne3 33. Bxe3 Bxe3+ 34. Kg2) 32... Bc4 33. a4 Kf7 34. g4 Ne3 35. Nd2 Bd3 36. Nf3 Nc2 37. b5 h6 38. Bh4 Bc1 39. Bf2 Bc4 40. Kg2 Bb3 41. Ng1 Nb4 42. Nge2 Bb2 43. Be3 Nd3 44. Kf3 Ba3 45. g5 hxg5 46. Bxg5 Bb4 47. Bd8 Ke8 48. Bc7 Kd7 49. Bb8 Kc8 50. Ke3 Nb2 51. Bd6 Bxd6 52. exd6 Kd7 53. Kf4 Kxd6 54. Kg5 Bc2 55. Nf4 Nxa4 56. Na2 (56. Nce2 {was the only defense.}) 56... Bb1 57. Nb4 Nc3 58. Nh5 Nxb5 59. Nxg7 a5 60. Na6 a4 61. Kf6 a3 62. Nb4 $19 Nxd4 0-1

[Event "WYCC 2018 G18"]
[Site "Halkidiki"]
[Date "2018.10.30"]
[Round "11"]
[White "Gillis Onieva, Celia"]
[Black "Chitlange Sakshi"]
[Result "0-1"]
[ECO "E16"]
[WhiteElo "1892"]
[BlackElo "2237"]
[Annotator "NA"]
[PlyCount "114"]
[EventDate "2018.10.20"]
[EventType "swiss"]
[EventCountry "GRE"]
[SourceTitle "playchess.com"]
[Source "ChessBase"]
[SourceQuality "1"]
[TimeControl "40/5400+30:1800+30"]

1. d4 Nf6 2. c4 e6 3. Nf3 b6 4. g3 Bb7 5. Bg2 Bb4+ 6. Bd2 Be7 7. O-O O-O 8. Nc3 d5 9. cxd5 exd5 10. Bf4 c5 11. Rc1 {[%emt 0:06:42] E18: Queen's Indian: Old Main Line (4 g3 Bb7 5 Bg2 Be7 6 0-0 0-0 7 Nc3)} (11. dxc5 bxc5 12. Ne5 Na6 13. Nc4 Qd7 14. Na5 Rad8 15. Nxb7 Qxb7 16. Qb3 Qc6 17. Rfd1 c4 18. Qb5 Qxb5 19. Nxb5 Rd7 20. b3 cxb3 21. axb3 {1-0 (33) Lenderman,A (2611)-Morrison,W (2334) Washington DC 2018}) 11... Nbd7 {[%emt 0:05:43] LiveBook: 9 Games} 12. Qa4 a6 13. Rfd1 b5 14. Qc2 c4 $146 ({Predecessor:} 14... b4 15. Na4 c4 16. Ne5 Nb6 17. Nc5 Bc8 18. Qd2 a5 19. a3 {1-0 (31) Zivanovic,I-Kovacevic,D Virovitica 1980}) 15. Nd2 Nb6 16. e4 dxe4 17. Ndxe4 Nfd5 18. Nxd5 Nxd5 19. Nc3 Nb4 20. Qe2 Bxg2 21. Kxg2 Nd3 22. Rxd3 cxd3 23. Qxd3 b4 24. Ne4 Qd5 25. Rc7 f5 26. Rxe7 Rae8 27. Re5 Rxe5 28. Bxe5 Qxe4+ 29. Qxe4 fxe4 30. Bd6 Rd8 31. Bxb4 Rxd4 32. Bc3 Rd3 33. Kf1 Kf7 34. Ke2 g6 35. h4 Ke6 36. Bg7 Kd5 37. Bc3 Kc4 38. Ba5 Kb5 39. Bc3 a5 40. Bf6 a4 41. Be7 Kc4 42. Bf8 Rd8 43. Bg7 Rd7 44. Bf6 Kd5 45. Bc3 Ke6 46. Ke3 Kf5 47. Bb4 Rd3+ 48. Ke2 Kg4 49. Bc5 Rd5 50. Bb4 Rd4 51. Bc3 Rc4 52. Be5 Rc1 53. Ke3 Re1+ 54. Kd2 Ra1 55. a3 Kf3 56. b3 Ra2+ 57. Ke1 axb3 0-1